Map: Lightshade LE

Players

ShoWTimE

  • Race: Protoss Protoss
  • League: Master
  • Spawn Location: 11:00

LiquidClem (Clem) - Winner!

  • Race: Terran Terran
  • League: Grandmaster
  • Spawn Location: 5:00

Event: DreamHack SC2 Masters 2020 Winter

VOD

Have the link to the VOD?

Description

Time

  • Played on: Nov. 7, 2020, 12:04 p.m.
  • Length: 4:11

All games in this series

Show
View Real Time Build Order
Export as new Build Order

ShoWTimE Protoss 

Build Orders: 1 Gate Expand 

Get SALT Encoding   

  12  0:00  Probe  
  13  0:12  Probe  
  14  0:17  Pylon  
  14  0:24  Probe (Chrono Boost)  
  15  0:36  Probe (Chrono Boost)  
  15  0:38  Gateway  
  16  0:44  Probe (Chrono Boost)  
  16  0:46  Assimilator  
  17  0:51  Probe  
  18  1:03  Probe  
  19  1:15  Probe  
  20  1:25  Cybernetics Core  
  20  1:34  Nexus  
  20  1:37  Probe  
  21  1:44  Pylon  
  21  1:49  Probe  
  21  1:51  Assimilator  
  22  2:00  Adept (Chrono Boost)  
  22  2:01  Probe  
  23  2:04  Warp Gate  
  25  2:13  Probe  
  26  2:19  Shield Battery  
  26  2:20  Stalker (Chrono Boost)  
  26  2:25  Probe  
  29  2:39  Probe (Chrono Boost)  
  29  2:41  Twilight Council  
  30  2:46  Probe (Chrono Boost)  
  32  2:54  Robotics Facility  
  32  2:55  Probe (Chrono Boost)  
  32  2:57  Probe (Chrono Boost)  
  33  3:02  Probe  
  33  3:03  Probe  
  35  3:14  Probe  
  35  3:15  Probe  
  35  3:17  Gateway  
  37  3:26  Probe  
  38  3:28  Shield Battery  
  38  3:30  Probe  
  39  3:38  Probe  
  39  3:41  Pylon, Observer  
  41  3:43  Probe  
  41  3:44  Assimilator  
  42  3:50  Probe  
  42  3:51  Stalker  
  42  3:55  Probe  
  46  3:56  Assimilator  
Show
View Real Time Build Order
Export as new Build Order

LiquidClem Terran - Winner!

Build Orders:  

Get SALT Encoding   

  12  0:00  SCV  
  13  0:12  SCV  
  14  0:16  Supply Depot  
  14  0:24  SCV  
  15  0:38  SCV  
  15  0:39  Barracks  
  16  0:43  Refinery  
  16  0:50  SCV  
  17  1:02  SCV  
  18  1:14  SCV  
  19  1:26  Orbital Command  
  19  1:27  Marine  
  20  1:45  Command Center  
  20  1:54  Factory  
  20  1:57  SCV  
  21  2:02  Barracks Reactor  
  21  2:09  Supply Depot  
  21  2:10  SCV  
  22  2:17  Refinery  
  23  2:22  SCV  
  23  2:36  SCV  
  24  2:40  Starport  
  24  2:45  Hellion x2  
  24  2:46  Marine  
  24  2:49  SCV  
  30  2:57  Orbital Command  
  30  3:01  SCV  
  31  3:06  Hellion  
  31  3:11  Hellion  
  35  3:16  Medivac  
  35  3:19  SCV  
  38  3:21  Barracks Tech Lab  
  38  3:23  SCV  
  39  3:27  Supply Depot  
  39  3:31  SCV  
  40  3:36  SCV  
  41  3:46  Marine x2  
  46  3:49  SCV  
  46  3:52  Supply Depot, SCV  
  48  4:03  Engineering Bay  
Tags
 
Add a new tag
Caveats
  • Supply blocks, unpowered buildings, or Contaminate may cause inaccurate times.
  • Supply counts are checked every 10 seconds.